[Event "Titled Tuesday Blitz November 08 Early 2022"]
[White "Shimanov, Aleksandr"]
[Black "Horobetz, Graham"]
[WhiteFideId "4198603"]
[BlackFideId "2047322"]
[WhiteElo "2865"]
[BlackElo "2599"]
[Result "1-0"]
[Round "04"]
[TimeControl "180+1"]
[Date "2022.11.09"]
[WhiteClock "0:00:18"]
[BlackClock "0:00:03"]

1. e4 c5 2. Nf3 d6 3. Nc3 Nf6 4. e5 dxe5 5. Nxe5 Nbd7 6. Nc4 g6 7. g3 Bg7 8. Bg2 O-O 9. d3 Nb6 10. O-O Nfd5 11. Nxd5 Nxd5 12. a4 Nb6 13. a5 Nxc4 14. dxc4 Qc7 15. Bf4 e5 16. Be3 Be6 17. Qe2 Rad8 18. b3 f5 19. a6 b6 20. Rfe1 h6 21. Rad1 e4 22. f3 Bd4 23. Bxd4 cxd4 24. fxe4 f4 25. e5 Qf7 26. Rf1 g5 27. gxf4 gxf4 28. Kh1 Kh8 29. Rf2 Qg7 30. Rdf1 Rde8 31. Rxf4 Rg8 32. Rf6 Qg5 33. Qf2 Rg7 34. h4 1-0


[Site "https://www.chess.com"]

[Event "Titled Tuesday Blitz November 08 Early 2022"]
[White "Shipov, Sergei"]
[Black "Ter-Sahakyan, Samvel"]
[WhiteFideId "4113624"]
[BlackFideId "13302531"]
[WhiteElo "2795"]
[BlackElo "2584"]
[Result "0-1"]
[Round "04"]
[TimeControl "180+1"]
[Date "2022.11.08"]
[WhiteClock "0:00:11"]
[BlackClock "0:00:33"]

1. d4 Nf6 2. c4 e6 3. Nc3 Bb4 4. Qc2 d5 5. a3 Bxc3+ 6. Qxc3 O-O 7. e3 b6 8. cxd5 Ne4 9. Qc2 exd5 10. Bd3 Ba6 11. Bxa6 Nxa6 12. Ne2 c5 13. f3 Nf6 14. O-O Re8 15. Bd2 Qd7 16. b4 Rac8 17. Qb2 c4 18. b5 Nc7 19. a4 h5 20. Nc3 Ne6 21. Bc1 h4 22. Qf2 h3 23. g4 Ng5 24. Qh4 Nfh7 25. Bd2 f5 26. gxf5 Qxf5 27. Qg3 Rf8 28. Kh1 Nxf3 29. Rf2 Nhg5 30. Rg1 Rf7 31. e4 Nxe4 32. Nxe4 Qxe4 33. Bh6 Nxg1+ 0-1


[Site "https://www.chess.com"]

[Event "Titled Tuesday Blitz November 08 Early 2022"]
[White "Shuvalov, Evgenij"]
[Black "Saucey, Michel"]
[WhiteFideId "4187237"]
[BlackFideId "601845"]
[WhiteElo "2049"]
[BlackElo "2253"]
[Result "1-0"]
[Round "04"]
[TimeControl "180+1"]
[Date "2022.11.09"]
[WhiteClock "0:00:30"]
[BlackClock "0:00:02"]

1. d4 d5 2. c4 e6 3. cxd5 exd5 4. Nc3 Nf6 5. Bg5 c6 6. Nf3 h6 7. Bh4 Be7 8. Qc2 O-O 9. e3 Re8 10. Bd3 Ne4 11. Bg3 Bf5 12. O-O Bf6 13. Be5 Bxe5 14. Nxe5 Nd7 15. Nxd7 Qxd7 16. Rab1 a5 17. a3 Nd6 18. Na4 Bxd3 19. Qxd3 Qe7 20. h3 Nc4 21. Rfe1 Qe4 22. Qxe4 Rxe4 23. Nc5 Re7 24. a4 b6 25. Nd3 Rb8 26. b4 axb4 27. Rxb4 Ra8 28. Nb2 Nxb2 29. Rxb2 Ra6 30. Rc1 Rc7 31. Kf1 Kf8 32. Ke2 Ke7 33. Rcb1 Rb7 34. Rb4 Kd6 35. Kf3 g6 36. h4 Kc7 37. Kf4 Kd6 38. h5 gxh5 39. Kf5 c5 40. dxc5+ Kxc5 41. Rh4 1-0


[Site "https://www.chess.com"]

[Event "Titled Tuesday Blitz November 08 Early 2022"]
[White "Simonovic, Miroslav"]
[Black "Goncalves, Davi Sulzbacher"]
[WhiteFideId "919152"]
[BlackFideId "2154510"]
[WhiteElo "2043"]
[BlackElo "2182"]
[Result "0-1"]
[Round "04"]
[TimeControl "180+1"]
[Date "2022.11.09"]
[WhiteClock "0:00:04"]
[BlackClock "0:01:57"]

1. d4 g6 2. h4 Bg7 3. h5 Nf6 4. h6 Bf8 5. c4 e6 6. Nc3 Be7 7. e4 d6 8. g4 O-O 9. g5 Ne8 10. f4 e5 11. Nd5 Nc6 12. Nxe7+ Qxe7 13. d5 exf4 14. Bd3 Ne5 15. Bxf4 Bg4 16. Qc2 f5 17. Rh4 fxe4 18. Bxe4 Rxf4 19. Rxg4 Rxg4 20. O-O-O Qxg5+ 21. Kb1 Rxg1 22. a3 Nf6 23. Ka2 Rxd1 24. Qxd1 Nxe4 25. Qa4 Qxh6 26. Qb5 Nc5 27. b4 Qd2+ 28. Ka1 Qc1+ 29. Ka2 Qc2+ 0-1


[Site "https://www.chess.com"]

[Event "Titled Tuesday Blitz November 08 Early 2022"]
[White "Sovetbekova, Nurai"]
[Black "Rodriguez Fontecha, Marcos"]
[WhiteFideId "13801910"]
[BlackFideId "2256576"]
[WhiteElo "1925"]
[BlackElo "2263"]
[Result "0-1"]
[Round "04"]
[TimeControl "180+1"]
[Date "2022.11.09"]
[WhiteClock "0:00:02"]
[BlackClock "0:01:11"]

1. d4 d5 2. c4 Nc6 3. Nf3 e5 4. dxe5 Bb4+ 5. Bd2 dxc4 6. e3 Be6 7. a3 Bc5 8. Qc2 b5 9. Be2 Nge7 10. O-O Ng6 11. a4 a6 12. Na3 Ncxe5 13. axb5 axb5 14. Nxb5 Rxa1 15. Rxa1 O-O 16. Nfd4 Bd5 17. h3 Qg5 18. e4 Bxe4 19. Bxg5 Bxc2 20. Nxc2 Rb8 21. Nxc7 Rxb2 22. Bd1 Nd3 23. Ra8+ Nf8 24. Na6 Bxf2+ 25. Kh2 f6 26. Bf4 Kf7 27. Ra7+ Kg6 28. Ra8 Ne6 29. Bg3 Ng5 30. Ne3 Bxe3 31. h4 Ne4 32. Bf3 Nxg3 33. Kxg3 Bf4+ 34. Kg4 h5+ 35. Kh3 Nf2# 0-1


[Site "https://www.chess.com"]

[Event "Titled Tuesday Blitz November 08 Early 2022"]
[White "Sreyas Payyappat"]
[Black "Mirzoev, Azer"]
[WhiteFideId "46674969"]
[BlackFideId "13400304"]
[WhiteElo "2083"]
[BlackElo "2525"]
[Result "0-1"]
[Round "04"]
[TimeControl "180+1"]
[Date "2022.11.09"]
[WhiteClock "0:00:17"]
[BlackClock "0:00:35"]

1. e4 c5 2. Nf3 e6 3. d4 cxd4 4. Nxd4 a6 5. Nc3 b5 6. Be3 Bb7 7. Bd3 b4 8. Nce2 Nf6 9. f3 Nc6 10. O-O Be7 11. c3 bxc3 12. Nxc3 O-O 13. Rc1 Ne5 14. Be2 h6 15. f4 Ng6 16. e5 Nd5 17. Nxd5 Bxd5 18. Bf3 Bxf3 19. Qxf3 Qa5 20. a3 Rab8 21. Rc2 Rfc8 22. Rfc1 Rxc2 23. Nxc2 Rxb2 24. Bd4 Rb5 25. Qe3 Qa4 26. g4 Rb3 27. Qe4 Qc6 28. Qxc6 dxc6 29. f5 Nh4 30. f6 Bf8 31. Kf2 c5 32. Be3 Ng6 33. Rd1 Rb2 34. Rd2 Nxe5 35. h3 gxf6 36. Re2 Kg7 37. Ke1 Kg6 38. Kd1 Rb1+ 39. Kd2 Nc4+ 40. Kc3 Nxe3 41. Nxe3 Rh1 42. Kc4 Rxh3 43. Ng2 Rg3 44. Nf4+ Kg5 45. Re4 Rxg4 46. Nh3+ Kf5 47. Rxg4 Kxg4 48. Nf2+ Kf3 49. Nd3 h5 50. Kb3 h4 51. Ka4 h3 52. Ne1+ Kg3 53. Nc2 h2 54. Ne3 h1=Q 0-1


[Site "https://www.chess.com"]

[Event "Titled Tuesday Blitz November 08 Early 2022"]
[White "Steen, Bobby"]
[Black "Savic, Miomir"]
[WhiteFideId "2053870"]
[BlackFideId "934550"]
[WhiteElo "2133"]
[BlackElo "2122"]
[Result "0-1"]
[Round "04"]
[TimeControl "180+1"]
[Date "2022.11.09"]
[WhiteClock "0:01:35"]
[BlackClock "0:02:07"]

1. e4 c5 2. Nf3 Nc6 3. d4 cxd4 4. Nxd4 g6 5. Nc3 Bg7 6. Be3 Nf6 7. Bd3 O-O 8. Nb3 d5 9. exd5 Nxd5 10. Nxd5 Qxd5 11. O-O Bxb2 12. Bh6 Rd8 13. Rb1 Bf6 14. Qe2 Bf5 15. Bxf5 Qxf5 16. Be3 b6 17. Qa6 Nb4 18. Qa4 Nxc2 19. Bd2 Nd4 20. Nxd4 Rxd4 21. Qc6 Rc8 22. Qb7 Rxd2 0-1


[Site "https://www.chess.com"]

[Event "Titled Tuesday Blitz November 08 Early 2022"]
[White "Stribuk, Artiom"]
[Black "Jeet, Jain"]
[WhiteFideId "13515659"]
[BlackFideId "5073022"]
[WhiteElo "2813"]
[BlackElo "2557"]
[Result "1-0"]
[Round "04"]
[TimeControl "180+1"]
[Date "2022.11.09"]
[WhiteClock "0:01:13"]
[BlackClock "0:00:55"]

1. d4 c5 2. d5 e5 3. e4 d6 4. Bb5+ Nd7 5. a4 Be7 6. c3 Bg5 7. Nd2 Ne7 8. Nc4 Bxc1 9. Nxd6+ Kf8 10. Rxc1 Nf6 11. Nxc8 Rxc8 12. Bd3 c4 13. Bc2 g6 14. Ne2 Qb6 15. Rb1 h5 16. h3 g5 17. Ng3 h4 18. Nf1 Nh5 19. Ne3 Nf4 20. Qf3 f6 21. g3 Nfg6 22. Bd1 a5 23. Be2 Qb3 24. Qxf6+ Ke8 25. d6 Rf8 26. Qg7 Rf7 27. d7+ Kxd7 28. Qxf7 Rf8 29. Qg7 hxg3 30. fxg3 Qa2 31. Rd1+ Kc8 32. Nxc4 Kb8 33. Rf1 Rxf1+ 34. Bxf1 Qxa4 35. Rd8+ Ka7 36. Ra8+ 1-0


[Site "https://www.chess.com"]

[Event "Titled Tuesday Blitz November 08 Early 2022"]
[White "Svane, Frederik"]
[Black "Goldin, Alexander"]
[WhiteFideId "12923044"]
[BlackFideId "2019540"]
[WhiteElo "2868"]
[BlackElo "2609"]
[Result "0-1"]
[Round "04"]
[TimeControl "180+1"]
[Date "2022.11.09"]
[WhiteClock "0:00:01"]
[BlackClock "0:00:10"]

1. c4 e6 2. Nc3 d5 3. d4 Nf6 4. cxd5 exd5 5. Bg5 Be7 6. e3 c6 7. Bd3 Nbd7 8. Nf3 O-O 9. h3 Re8 10. O-O Nf8 11. Bf4 Ng6 12. Bh2 Bd6 13. Bxd6 Qxd6 14. Rb1 a5 15. a3 Ne4 16. Nd2 f5 17. Re1 Bd7 18. Qc2 Re7 19. f4 Nh4 20. Nf3 Nxf3+ 21. gxf3 Nxc3 22. bxc3 b5 23. Bxf5 Bxf5 24. Qxf5 Qxa3 25. Qc2 Qd6 26. Qh2 a4 27. e4 Rae8 28. e5 Qg6+ 29. Qg2 Qd3 30. Qe2 Qxc3 31. Red1 Qa5 32. Rbc1 Qc7 33. Qc2 Rc8 34. f5 Qd7 35. Kh1 a3 36. Rg1 Kh8 37. Ra1 b4 38. Rg5 Qb7 39. Qb3 c5 40. dxc5 Rxe5 41. Rg4 d4 42. Rxd4 Rxf5 43. Rxb4 Qd7 0-1


[Site "https://www.chess.com"]

[Event "Titled Tuesday Blitz November 08 Early 2022"]
[White "Svane, Rasmus"]
[Black "Perez Ponsa, Federico"]
[WhiteFideId "4657101"]
[BlackFideId "117927"]
[WhiteElo "2674"]
[BlackElo "2606"]
[Result "1-0"]
[Round "04"]
[TimeControl "180+1"]
[Date "2022.11.08"]
[WhiteClock "0:00:28"]
[BlackClock "0:01:17"]

1. Nf3 Nf6 2. g3 g6 3. Bg2 Bg7 4. O-O O-O 5. d4 d6 6. Re1 Nbd7 7. e4 e5 8. Nc3 Re8 9. a4 c6 10. h3 Qc7 11. Be3 b6 12. Qd2 a6 13. g4 Bb7 14. Rad1 b5 15. dxe5 dxe5 16. g5 b4 17. gxf6 Nxf6 18. Ne2 c5 19. Ng3 Nxe4 20. Qd7 Re7 21. Qxc7 Rxc7 22. Nxe4 Bxe4 23. Ng5 Bxg2 24. Kxg2 c4 25. Rd6 h6 26. Ne4 f5 27. Nf6+ Bxf6 28. Rxf6 Kg7 29. Re6 e4 30. Rd1 g5 31. Rdd6 f4 32. Bd4+ Kf7 33. Rxe4 b3 34. c3 a5 35. Rxh6 Rac8 36. Re5 Rc6 37. Rf5+ Ke7 38. Rh7+ Ke6 39. Re5+ Kd6 40. Rxg5 f3+ 41. Kg3 Re8 42. Rh6+ Kd7 43. Rg7+ 1-0


[Site "https://www.chess.com"]

[Event "Titled Tuesday Blitz November 08 Early 2022"]
[White "Swiercz, Dariusz"]
[Black "Arabidze, Meri"]
[WhiteFideId "1126881"]
[BlackFideId "13604040"]
[WhiteElo "2985"]
[BlackElo "2625"]
[Result "1-0"]
[Round "04"]
[TimeControl "180+1"]
[Date "2022.11.09"]
[WhiteClock "0:00:06"]
[BlackClock "0:00:01"]

1. e4 c5 2. Nf3 e6 3. c3 d5 4. exd5 exd5 5. d4 Nc6 6. Be2 Nf6 7. O-O Bd6 8. dxc5 Bxc5 9. Nbd2 O-O 10. Nb3 Bd6 11. Bg5 Be6 12. Re1 h6 13. Bh4 Be7 14. Bd3 Bg4 15. h3 Bh5 16. Be2 Ne4 17. Bxe7 Nxe7 18. Nfd4 Bxe2 19. Qxe2 Re8 20. Rad1 Qb6 21. Qe3 Qg6 22. Qf4 Nc6 23. Qf5 Qxf5 24. Nxf5 Rad8 25. f3 Nf6 26. Rxe8+ Rxe8 27. Kf2 b6 28. Nbd4 Ne5 29. Ne3 a6 30. Ndf5 Nc4 31. Nxc4 dxc4 32. Rd6 Re6 33. Rd8+ Kh7 34. Nd4 Re5 35. Rd6 Nd5 36. Nc6 Rf5 37. g4 Rf6 38. Rxf6 gxf6 39. a4 Nf4 40. Ke3 Nd3 41. b4 Nb2 42. a5 bxa5 43. Nxa5 Kg6 44. Kd4 f5 45. Nxc4 Nd1 46. Ne5+ Kf6 47. Nd7+ Kg5 48. c4 fxg4 49. fxg4 f5 50. gxf5 Kxf5 51. Nc5 Nf2 52. h4 h5 53. Nxa6 Ke6 54. b5 Kd6 55. c5+ Kd7 56. b6 Kc6 57. Nb4+ Kb7 58. Nd3 Ng4 59. Nf4 Nf6 60. Ke5 Nd7+ 61. Kd6 Nf6 62. Ke6 Ne4 63. Kd5 Nf6+ 64. Kc4 Kc6 65. Nd3 Ne4 66. Nb4+ Kb7 67. Kd4 Nf6 68. Nd5 Nd7 69. Kc4 Ne5+ 70. Kb5 1-0


[Site "https://www.chess.com"]

[Event "Titled Tuesday Blitz November 08 Early 2022"]
[White "Taboas Rodriguez, Daniel"]
[Black "Shohat, Yotam"]
[WhiteFideId "2208466"]
[BlackFideId "2813955"]
[WhiteElo "2329"]
[BlackElo "2216"]
[Result "1/2-1/2"]
[Round "04"]
[TimeControl "180+1"]
[Date "2022.11.09"]
[WhiteClock "0:00:43"]
[BlackClock "0:00:04"]

1. d4 Nf6 2. Nf3 d5 3. c4 e6 4. Bg5 Be7 5. e3 h6 6. Bh4 O-O 7. Nc3 b6 8. Bd3 Bb7 9. O-O Nbd7 10. Qe2 c5 11. Rad1 cxd4 12. exd4 dxc4 13. Bxc4 Rc8 14. Bb3 Nh5 15. Bxe7 Qxe7 16. d5 Nc5 17. Rfe1 Nxb3 18. axb3 Rfd8 19. dxe6 Rxd1 20. exf7+ Qxf7 21. Qxd1 Nf4 22. Re3 Qg6 23. g3 Nh3+ 24. Kf1 Rf8 25. Nd5 Kh8 26. Qd4 Qf7 27. Nf4 Nxf4 28. gxf4 Ba6+ 29. Ke1 Qxf4 30. Qxf4 Rxf4 31. Ne5 Kh7 32. Nc6 Rh4 33. h3 Bc8 34. Nxa7 Bxh3 35. Nc6 Bf5 36. Ne7 Bb1 37. Nd5 h5 38. Nxb6 Bg6 39. Nd5 Rd4 40. Ne7 h4 41. Nxg6 Kxg6 42. Rc3 Kh5 43. Kf1 g5 44. Kg2 Rd2 45. Rc8 Rxb2 46. Rb8 Kg4 47. Rb4+ Kh5 48. Kf3 h3 49. Kg3 h2 50. Kxh2 Rxf2+ 51. Kg3 Rb2 52. Rb8 Kg6 53. Rh8 Kf6 54. Rb8 Ke5 55. Rb5+ Kd4 56. Kg4 Kc3 57. Kxg5 Rxb3 58. Rxb3+ Kxb3 1/2-1/2


[Site "https://www.chess.com"]

[Event "Titled Tuesday Blitz November 08 Early 2022"]
[White "Tang, Andrew"]
[Black "Nakamura, Hikaru"]
[WhiteFideId "2059630"]
[BlackFideId "2016192"]
[WhiteElo "2581"]
[BlackElo "2909"]
[Result "0-1"]
[Round "04"]
[TimeControl "180+1"]
[Date "2022.11.08"]
[WhiteClock "0:00:02"]
[BlackClock "0:00:12"]

1. d4 g6 2. c4 Nf6 3. f3 Nc6 4. d5 Ne5 5. e4 d6 6. Nc3 Bg7 7. Be2 c6 8. f4 Ned7 9. Be3 cxd5 10. cxd5 b5 11. Bxb5 O-O 12. Nge2 Nc5 13. Bxc5 dxc5 14. e5 Ng4 15. Qd3 c4 16. Qxc4 Ne3 17. Qe4 Qb6 18. Rc1 Bf5 19. Qd4 Nxg2+ 20. Kd2 Qxd4+ 21. Nxd4 Nxf4 22. Nxf5 gxf5 23. Rce1 Rfd8 24. Bc6 Rac8 25. Ke3 Ng6 26. Rhf1 e6 27. Rd1 Nxe5 28. Bb5 Ng4+ 29. Ke2 Nxh2 30. Rh1 Ng4 31. dxe6 fxe6 32. Rhg1 Rxd1 33. Rxd1 Rb8 34. a4 a6 35. Bxa6 Rxb2+ 36. Kd3 Nf2+ 0-1


[Site "https://www.chess.com"]

[Event "Titled Tuesday Blitz November 08 Early 2022"]
[White "Tarigan, Gilbert Elroy"]
[Black "Rottenwohrer Suarez, Juan"]
[WhiteFideId "7108133"]
[BlackFideId "32068182"]
[WhiteElo "2284"]
[BlackElo "2195"]
[Result "1-0"]
[Round "04"]
[TimeControl "180+1"]
[Date "2022.11.09"]
[WhiteClock "0:01:01"]
[BlackClock "0:00:23"]

1. e4 c5 2. Nf3 d6 3. c3 Nf6 4. Bd3 Nc6 5. Bc2 Bg4 6. h3 Bh5 7. d3 e6 8. Nbd2 Be7 9. Nf1 d5 10. Ng3 Bg6 11. O-O Qc7 12. Qe2 Bd6 13. Nf5 exf5 14. exf5+ Kd7 15. fxg6 Rae8 16. Qd1 hxg6 17. d4 c4 18. b3 Kc8 19. bxc4 dxc4 20. Rb1 Kb8 21. Nd2 Ne7 22. Ne4 Ned5 23. Nxf6 gxf6 24. Qf3 Qd7 25. Ba4 Qxa4 26. Qxd5 Qd7 27. Bf4 Re6 28. Bxd6+ Rxd6 29. Rxb7+ Qxb7 30. Qxd6+ Ka8 31. Qxf6 Re8 32. Qd6 a6 33. Qc5 Rc8 34. Qe5 g5 35. Re1 g4 36. hxg4 Rg8 37. Qe4 Qxe4 38. Rxe4 Kb7 39. Re7+ Kc6 40. Rxf7 Rxg4 41. Rf5 1-0


[Site "https://www.chess.com"]

[Event "Titled Tuesday Blitz November 08 Early 2022"]
[White "Tarnowska, Aleksandra"]
[Black "Pourkashiyan, Atousa"]
[WhiteFideId "1180967"]
[BlackFideId "12502014"]
[WhiteElo "1776"]
[BlackElo "2247"]
[Result "1/2-1/2"]
[Round "04"]
[TimeControl "180+1"]
[Date "2022.11.09"]
[WhiteClock "0:00:04"]
[BlackClock "0:00:03"]

1. e4 c5 2. Nf3 e6 3. c3 Nf6 4. e5 Nd5 5. d4 cxd4 6. cxd4 d6 7. Bb5+ Nc6 8. Bxc6+ bxc6 9. O-O Be7 10. Nc3 O-O 11. Ne4 Rb8 12. b3 Ba6 13. Re1 Nb4 14. Ba3 d5 15. Nc5 Nd3 16. Re3 Nxc5 17. Bxc5 Re8 18. Rc1 Bb7 19. Bxe7 Qxe7 20. Ne1 f6 21. Nd3 a5 22. Nc5 Rf8 23. Qe2 Bc8 24. h3 Rb4 25. Qd2 fxe5 26. Rxe5 Qf6 27. Rce1 h6 28. a3 Rb8 29. R1e3 Qf4 30. Qc3 Qxf2+ 31. Kh2 Qf4+ 32. Rg3 Rf6 33. Qe3 Qxe3 34. Rgxe3 Kf7 35. g4 Rf4 36. Rd3 Rb5 37. Kg3 Rf1 38. a4 Rb8 39. Kg2 Rf6 40. h4 Ke7 41. g5 hxg5 42. hxg5 Rf5 43. Rxf5 exf5 44. Re3+ Kd6 45. Re5 Bd7 46. Nxd7 Kxd7 47. Rxf5 Rxb3 48. Rf7+ Ke6 49. Rxg7 Rb4 50. Rc7 Kd6 51. Ra7 Rxa4 52. g6 Rxd4 53. Kf3 Rd1 54. Kf2 Rd4 55. Kf3 Rd3+ 56. Kf2 Rd4 57. Kf3 1/2-1/2


[Site "https://www.chess.com"]

[Event "Titled Tuesday Blitz November 08 Early 2022"]
[White "Tate, Alan"]
[Black "Carbone, Diego"]
[WhiteFideId "2401878"]
[BlackFideId "3002179"]
[WhiteElo "2179"]
[BlackElo "2265"]
[Result "0-1"]
[Round "04"]
[TimeControl "180+1"]
[Date "2022.11.09"]
[WhiteClock "0:00:01"]
[BlackClock "0:00:36"]

1. c4 e6 2. g3 d5 3. Bg2 Nf6 4. Nf3 c6 5. O-O Nbd7 6. d4 Be7 7. Nbd2 O-O 8. Qc2 b6 9. e4 Bb7 10. Re1 Rc8 11. e5 Ne8 12. cxd5 cxd5 13. Qd1 Nb8 14. Nb1 Bb4 15. Nc3 Ba6 16. Ng5 h6 17. Nh3 Nc7 18. Qh5 Bd3 19. Be3 Bxc3 20. bxc3 Nb5 21. Nf4 Bh7 22. Qg4 Bf5 23. Qf3 Nxc3 24. Nh5 Ne4 25. g4 Bg6 26. Nf4 Nc6 0-1


[Site "https://www.chess.com"]

[Event "Titled Tuesday Blitz November 08 Early 2022"]
[White "Thiel, Thomas"]
[Black "Orzech, Dominik"]
[WhiteFideId "4615964"]
[BlackFideId "1115065"]
[WhiteElo "2210"]
[BlackElo "2272"]
[Result "1/2-1/2"]
[Round "04"]
[TimeControl "180+1"]
[Date "2022.11.09"]
[WhiteClock "0:00:02"]
[BlackClock "0:00:12"]

1. e4 c6 2. d4 d5 3. exd5 cxd5 4. c4 Nf6 5. Nc3 g6 6. Qb3 Nc6 7. cxd5 Na5 8. Qa4+ Bd7 9. Bb5 a6 10. Bxd7+ Nxd7 11. Nf3 b5 12. Qd1 Bg7 13. O-O O-O 14. Re1 Nb6 15. Bd2 Nac4 16. Ne5 Nxb2 17. Qb3 Bxe5 18. dxe5 N2c4 19. Rad1 Nxd5 20. Nxd5 Qxd5 21. Bh6 Qe6 22. Bxf8 Kxf8 23. a4 Rb8 24. axb5 axb5 25. Qb4 h5 26. Qc5 b4 27. Rd4 b3 28. Qxc4 b2 29. Qc2 Qa2 30. Rdd1 b1=Q 31. Qxb1 Rxb1 32. Rxb1 Qd5 33. h3 h4 34. Rbd1 Qc5 35. Re4 g5 36. Rde1 e6 37. R4e3 Kg7 38. Rf3 Qd4 39. Ree3 Qd1+ 40. Kh2 Qd4 41. Rf6 Qd5 42. f4 Qd4 43. Rf3 gxf4 44. R6xf4 Qxe5 45. Kg1 f5 46. Rf1 Qe3+ 47. Kh1 Qg3 48. R4f3 Qe5 49. Rf4 Qf6 50. R4f2 Qg5 51. Rf4 Kf6 52. R4f2 e5 53. Rxf5+ Qxf5 54. Rxf5+ Kxf5 55. Kg1 Kf4 56. Kf2 e4 57. Ke2 Kg3 58. Ke3 Kxg2 59. Kxe4 Kg3 60. Ke3 Kxh3 61. Kf3 Kh2 62. Kf2 h3 63. Kf1 Kh1 64. Kf2 h2 65. Kf1 1/2-1/2


[Site "https://www.chess.com"]

[Event "Titled Tuesday Blitz November 08 Early 2022"]
[White "Thomforde-Toates, Noah"]
[Black "Sjugirov, Sanan"]
[WhiteFideId "30951992"]
[BlackFideId "4189302"]
[WhiteElo "2619"]
[BlackElo "2936"]
[Result "0-1"]
[Round "04"]
[TimeControl "180+1"]
[Date "2022.11.09"]
[WhiteClock "0:00:08"]
[BlackClock "0:00:29"]

1. d4 Nf6 2. Nc3 d5 3. Bf4 e6 4. e3 Be7 5. Bd3 c5 6. dxc5 Bxc5 7. Nf3 Nc6 8. O-O O-O 9. e4 d4 10. Ne2 h6 11. Qd2 Bb4 12. Qc1 Re8 13. e5 Nd5 14. Bxh6 Bf8 15. Bg5 Qc7 16. Bf4 Qb6 17. Bg3 Be7 18. Nf4 Ndb4 19. Be4 Bd7 20. Nh5 Nd5 21. Nf4 Qc5 22. Nd3 Qa5 23. Ng5 Rac8 24. a3 Qd8 25. Bh7+ Kf8 26. h4 Bxg5 27. hxg5 g6 28. Nc5 Kg7 29. Ne4 Kxh7 30. Nf6+ Nxf6 31. gxf6 Rh8 32. Qg5 Qf8 33. Bf4 Kg8 34. g4 d3 35. Kg2 Nd4 36. c3 Bc6+ 37. f3 Nxf3 38. Rxf3 d2 39. Bxd2 Rd8 40. Kf2 Rh2+ 41. Kg3 Rdxd2 42. Rff1 Rdg2+ 43. Kf4 Qc5 44. Rad1 Rf2+ 45. Kg3 Rfg2+ 46. Kf4 Qc4+ 47. Rd4 Qxf1+ 48. Ke3 Qe2+ 49. Kf4 Qf2# 0-1


[Site "https://www.chess.com"]

[Event "Titled Tuesday Blitz November 08 Early 2022"]
[White "Tifferet, Shaked"]
[Black "Roque Sola, Gisela"]
[WhiteFideId "2811529"]
[BlackFideId "5120241"]
[WhiteElo "2142"]
[BlackElo "1961"]
[Result "1-0"]
[Round "04"]
[TimeControl "180+1"]
[Date "2022.11.09"]
[WhiteClock "0:00:06"]
[BlackClock "0:00:16"]

1. d4 Nf6 2. c4 e6 3. g3 Be7 4. Bg2 d5 5. Nf3 O-O 6. O-O dxc4 7. Qc2 a6 8. a4 Bd7 9. Qxc4 Bc6 10. Bf4 Nbd7 11. Qc1 Nb6 12. a5 Nbd5 13. Bd2 Ne4 14. Be1 Bb5 15. Qc2 Ng5 16. Ne5 f6 17. Nd3 Bxd3 18. Qxd3 c6 19. Qb3 Qd7 20. Nc3 Kh8 21. Rd1 Rab8 22. Na4 f5 23. Bd2 Ne4 24. Bf4 Bd6 25. Bxd6 Qxd6 26. f3 Nef6 27. e4 fxe4 28. fxe4 Qb4 29. Qxb4 Nxb4 30. Nc5 Rfe8 31. e5 Nfd5 32. Rf7 b6 33. axb6 Rxb6 34. Ne4 Rbb8 35. Nd6 Rf8 36. Rdf1 Kg8 37. Bh3 Rxf7 38. Rxf7 Nc2 39. Bxe6 Nxd4 40. Bxd5 cxd5 41. Rd7 h6 42. Kg2 Rxb2+ 43. Kh3 Nf3 44. Rd8+ Kh7 45. Nf7 Rxh2+ 46. Kg4 Nd4 47. Rxd5 h5+ 48. Kf4 Rf2+ 49. Ke3 Rxf7 50. Kxd4 Ra7 51. e6 Kg6 52. Rd7 Ra8 53. Ke5 a5 54. e7 Kf7 55. Rd8 1-0


[Site "https://www.chess.com"]

[Event "Titled Tuesday Blitz November 08 Early 2022"]
[White "Timofeev, Artyom"]
[Black "Ovchinnikov, Vsevolod"]
[WhiteFideId "4140419"]
[BlackFideId "24176842"]
[WhiteElo "2838"]
[BlackElo "2578"]
[Result "1/2-1/2"]
[Round "04"]
[TimeControl "180+1"]
[Date "2022.11.09"]
[WhiteClock "0:00:04"]
[BlackClock "0:00:08"]

1. e4 g6 2. d4 Bg7 3. Nc3 a6 4. Bf4 d6 5. Qd2 b5 6. O-O-O Nd7 7. Nf3 Bb7 8. Kb1 c5 9. d5 Qa5 10. Ne2 Qxd2 11. Nxd2 Ngf6 12. f3 Nb6 13. Nc1 Nh5 14. Be3 Na4 15. c3 Bxc3 16. bxc3 Nxc3+ 17. Kc2 Nxd1 18. Kxd1 e6 19. dxe6 fxe6 20. e5 Ke7 21. exd6+ Kxd6 22. Ncb3 Rac8 23. Be2 Nf6 24. Kc2 c4 25. Na5 Bd5 26. Bd4 e5 27. Bc3 Rhe8 28. a4 Rb8 29. axb5 axb5 30. Bb4+ Ke6 31. Re1 Nh5 32. Bf1 Rbd8 33. Nb1 Kf6 34. Nc3 Be6 35. Nxb5 Bf5+ 36. Kc3 Nf4 37. Bxc4 Nxg2 38. Rg1 Ne3 39. Nd6 Rh8 40. Nc6 Rc8 41. Nxc8 Rxc8 42. Bb5 Bd7 43. Kd2 Nd5 44. Na7 Rc7 45. Bc5 Rxc5 46. Bxd7 Nf4 47. Bc6 Ra5 48. Nb5 Ra2+ 49. Kd1 Rxh2 50. Nc3 Rb2 51. Ne4+ Kg7 52. Ng5 Rb1+ 53. Kd2 Rxg1 54. Ne4 Rg2+ 55. Ke1 h5 56. Kf1 Rb2 57. Be8 Rb1+ 58. Kf2 Rb2+ 59. Kf1 Rb8 60. Bd7 Rd8 61. Bb5 Rd4 62. Kf2 Rb4 63. Be8 Rb2+ 64. Kf1 1/2-1/2


[Site "https://www.chess.com"]

[Event "Titled Tuesday Blitz November 08 Early 2022"]
[White "Tleptsok, Ruslan"]
[Black "Harsha Bharathakoti"]
[WhiteFideId "24104485"]
[BlackFideId "5078776"]
[WhiteElo "2130"]
[BlackElo "2523"]
[Result "0-1"]
[Round "04"]
[TimeControl "180+1"]
[Date "2022.11.08"]
[WhiteClock "0:00:11"]
[BlackClock "0:00:52"]

1. e4 g6 2. d4 Bg7 3. Nc3 d6 4. f4 a6 5. Nf3 b5 6. e5 Bb7 7. Be2 b4 8. Nb1 e6 9. O-O Ne7 10. c4 bxc3 11. Nxc3 Nd7 12. Be3 O-O 13. Kh1 Nb6 14. Qe1 Rb8 15. Rd1 a5 16. g4 Nbd5 17. Bc1 c5 18. dxc5 dxe5 19. fxe5 Bxe5 20. c6 Nxc6 21. Nxd5 exd5 22. Nxe5 Nxe5 23. Rd4 Nc6 24. Qf2 Nxd4 25. Qxd4 f6 26. g5 fxg5 27. Rxf8+ Qxf8 28. Bxg5 Re8 29. Qg4 Qf2 0-1


[Site "https://www.chess.com"]

[Event "Titled Tuesday Blitz November 08 Early 2022"]
[White "Todorovic, Bojan"]
[Black "Bongo Akanga Ndjila, Barthelemy"]
[WhiteFideId "917087"]
[BlackFideId "10609431"]
[WhiteElo "2266"]
[BlackElo "1768"]
[Result "1-0"]
[Round "04"]
[TimeControl "180+1"]
[Date "2022.11.09"]
[WhiteClock "0:00:51"]
[BlackClock "0:00:27"]

1. Nf3 g6 2. c4 Nh6 3. Nc3 f5 4. g3 Bg7 5. Bg2 Nf7 6. O-O d6 7. d3 O-O 8. Rb1 c5 9. Bd2 Nd7 10. b4 b6 11. Ng5 Nf6 12. Nxf7 Rxf7 13. Bxa8 Be6 14. Bg2 Ng4 15. Nd5 Bc8 16. Bc3 e6 17. Bxg7 Kxg7 18. Ne3 Ne5 19. d4 Nd7 20. dxc5 bxc5 21. bxc5 Nxc5 22. Rb8 Qc7 23. Rxc8 Qxc8 24. Qxd6 Ne4 25. Bxe4 fxe4 26. Rd1 Re7 27. c5 Rc7 28. Qe5+ Kg8 29. Ng4 Rxc5 30. Nh6+ Kf8 31. Qf6+ Ke8 32. Qf7# 1-0


[Site "https://www.chess.com"]